 Dungeon Crawl Stone Soup version 0.24.0-37-gcf1ca852f1 (webtiles) character file.

Game seed: 10172374741247548529, levelgen mode: deterministic

261 GabexManson the Chopper (level 6, -10/53 HPs)
             Began as a Hill Orc Fighter on Nov 22, 2019.
             Mangled by an ogre
             ... wielding a +0 giant club
              (22 damage)
             ... on level 3 of the Dungeon on Nov 27, 2019.
             The game lasted 00:31:32 (3062 turns).

GabexManson the Chopper (Hill Orc Fighter)          Turns: 3062, Time: 00:31:33

Health: -10/53     AC:  8    Str: 21    XL:     6   Next: 18%
Magic:  6/6        EV:  7    Int:  8    God:
Gold:   167        SH:  9    Dex: 10    Spells: 5/5 levels left

rFire    + . .     SeeInvis +   a - +0 war axe
rCold    . . .     Gourm    .   o - +0 shield
rNeg     . . .     Faith    .   b - +0 scale mail
rPois    .         Spirit   .   (no helmet)
rElec    .         Reflect  .   k - +0 cloak
rCorr    .         Harm     .   (no gloves)
MR       .....                  (no boots)
Stlth    ..........             (no amulet)
HPRegen  0.17/turn              p - ring of protection from fire
MPRegen  0.10/turn              e - ring of see invisible

@: drained
A: no striking features
a: no special abilities


You were on level 3 of the Dungeon.
You were not hungry.

You visited 1 branch of the dungeon, and saw 4 of its levels.

You collected 167 gold pieces.

Inventory:

Hand Weapons
 a - a +0 war axe (weapon)
Armour
 b - a +0 scale mail (worn)
 c - a +0 shield
 h - a +0 ring mail
 k - a +0 cloak (worn)
 o - a +0 shield (worn)
Jewellery
 e - a ring of see invisible (right hand)
 j - an uncursed ring of attention
 p - a ring of protection from fire (left hand)
 q - an uncursed ring of fire
Scrolls
 g - a scroll of remove curse
 i - a scroll of identify {unknown}
 n - a scroll of teleportation
 s - a scroll of noise {unknown}
 t - a scroll of magic mapping {unknown}
Potions
 d - a potion of might
 m - a potion of flight {unknown}
 r - a potion of heal wounds
 u - 2 potions of degeneration {unknown}
Comestibles
 f - 6 rations


   Skills:
 + Level 4.7(3.7) Fighting
 + Level 5.5(4.5) Axes
 + Level 4.5(3.5) Armour
 + Level 0.3(0.0) Dodging
 + Level 0.1(0.0) Stealth
 + Level 4.2(3.2) Shields


You had 5 spell levels left.
You didn't know any spells.
Your spell library was empty.

Dungeon Overview and Level Annotations

Branches:
Dungeon (4/15)
 Temple: D:4-7

Altars:


Message History

There is a stone staircase leading down here.
You climb downwards.
The ogre hits you with a +0 giant club!
There is a stone staircase leading up, spattered with blood here.
The ogre hits you with a +0 giant club!
You climb upwards.
There is a stone staircase leading down here.
The ogre hits you with a +0 giant club!
* * * LOW HITPOINT WARNING * * *
You are too injured to fight recklessly!
You are too injured to fight recklessly!
You slash the ogre!
The ogre is moderately wounded.
You block the ogre's attack.
You barely miss the ogre.
The ogre is moderately wounded.
The ogre hits you but does no damage.
You barely miss the ogre.
The ogre is moderately wounded.
The ogre hits you with a +0 giant club!!
You die...

#...............## #######
#.......#####..... ......#
######### #..... #####.#
#..... #.# #.....
#.######################)....
#.#..........................
#.).....###O###.##########.##
#.#.###.# #>@..............#
###.#<..# #.###.#########[.##
#######.#######.###.#
#####....
..................#.#
#.....###
#######.#######.#.#.#
#......# #.# #.#.#.# #[.....#
#.# #.#รท..# ######.# #.#
#.######### #.# #.#
#.........# #.#


You could see an ogre.

Vanquished Creatures
  A centaur (D:3)
  A bullfrog skeleton (D:3)
  5 adders
  2 oozes
  4 worms
  3 dart slugs
  4 leopard geckos
  6 orcs (D:3)
  5 giant cockroaches
  8 goblins
  8 hobgoblins
  6 kobolds
  2 quokkas (D:3)
  2 ball pythons (D:3)
  8 bats
  6 frilled lizards
  7 rats
78 creatures vanquished.

Notes
Turn   | Place    | Note
-------+----------+-------------------------------------------
     0 | D:1      | GabexManson the Hill Orc Fighter began the quest for the
                  | Orb.
     0 | D:1      | Reached XP level 1. HP: 19/19 MP: 1/1
   147 | D:1      | Reached XP level 2. HP: 11/27 MP: 2/2
   651 | D:1      | Reached XP level 3. HP: 33/33 MP: 3/3
   918 | D:2      | Reached skill level 3 in Axes
  1078 | D:2      | Reached XP level 4. HP: 38/40 MP: 4/4
  1619 | D:3      | Noticed a centaur
  1631 | D:3      | Killed a centaur
  1631 | D:3      | Reached skill level 4 in Axes
  1631 | D:3      | Reached XP level 5. HP: 15/47 MP: 5/5
  1919 | D:3      | Reached skill level 5 in Axes
  2570 | D:3      | Reached XP level 6. HP: 50/53 MP: 6/6
  3062 | D:3      | Mangled by an ogre

Levels and vault maps discovered:
D:1:      matt_arrival_refuge, layout_basic
D:2:      layout_rooms
D:3:      minmay_chambers_of_threes, layout_basic, minmay_starry_boxes
D:4:      layout_rooms, first_ration

Skill      XL: |  1  2  3  4  5 |
---------------+----------------+-----
Fighting       | 4 |  4.7
Axes           | 3 4 5 |  5.5
Armour         | 4 |  4.5
Shields        | 4 |  4.2
Dodging        | |  0.3
Stealth        | |  0.1

Action                   |  1- 3 |  4- 6 || total
-------------------------+-------+-------++-------
Melee: War axe           |   101 |   154 ||   255
  Use: Scroll            |     1 |     1 ||     2
       Potion            |       |     2 ||     2
  Eat: Chunk             |       |     7 ||     7
Armor: Scale mail        |    48 |    71 ||   119
Dodge: Dodged            |    22 |    42 ||    64
Block: Shield            |    52 |    72 ||   124
